Description

another grandmaster remix

Build Order

Get SALT Encoding   

  14  0:19  Pylon  
  16  0:42  Gateway  
  16  0:47  Assimilator  
  17  0:55  Assimilator  
  18  1:08  Gateway  
  20  1:28  Cybernetics Core  
  21  1:37  Pylon  
  25  2:05  Warp Gate, Adept x2  
  29  2:09  Mothership Core  
  29  2:24  Stargate  
  30  2:34  Pylon  
  32  3:08  Nexus  
  32  3:10  Pylon  
  31  3:29  Oracle  
  32  3:33  Mothership Core  
  35  3:56  Stalker x2  
  42  4:17  Void Ray  
  44  4:26  Robotics Facility  
  46  4:35  Pylon  
  48  4:40  Sentry  
  50  4:48  Pylon  
  53  5:04  Assimilator  
  57  5:06  Void Ray  
  57  5:09  Assimilator  
  60  5:14  Observer  
  67  5:37  Immortal  
  67  5:38  Pylon  
  67  5:41  Gateway  
  67  5:42  Gateway  
Spawning Tool Build Advisor. Get it on Overwolf

Go to:

Details

  • Created by: sackzii
  • Published on: Jan 14, 2017
  • Modified on: Jan 14, 2017
  • Patch: 3.8.0
Show
View Real Time Build Order
Export as new Build Order

Comments (0)

There are no comments. Be the first!

Create an account to comment!